 Dungeon Crawl Stone Soup version 0.28.0 (webtiles) character file.

Game seed: 16973239201736666605

330 murtidash the Magician (level 6, -1/46 HPs)
             Began as a Djinni Cinder Acolyte on Feb 5, 2022.
             Was a High Priest of Ignis.
             Slain by a water moccasin (7 damage)
             ... on level 4 of the Dungeon.
             The game lasted 00:06:10 (5092 turns).

murtidash the Magician (Djinni Cinder Acolyte)      Turns: 5092, Time: 00:06:10

Health: -1/46      AC:  2    Str: 13    XL:     6   Next: 81%
Gold:   130        EV: 11    Int: 17    God:    Ignis [*****.] SH:  0 Dex:  9

rFire   + + +      SeeInvis .   j - +1 dagger (flame)
rCold   x . .      Faith    .   h - orb {light}
rNeg    . . .      Spirit   .   b - +0 robe
rPois   ∞          Reflect  .   (no helmet)
rElec   .          Harm     .   (no cloak)
rCorr   .          Rampage  .   (no gloves)
Will    .....                   (boots unavailable)
Stlth   +.........              (no amulet)
HPRegen 0.15/turn               (no ring)
MPRegen 0.00/turn               (no ring)

@: attractive, flying, glowing
A: sickness immunity, fire resistance 2, cold vulnerability 1, float, innate
caster, HP casting, extra vitality 1
a: Renounce Religion, Fiery Armour, Foxfire Swarm, Rising Flame


You were on level 4 of the Dungeon.
You worshipped Ignis.
Ignis was extremely pleased with you.
You visited 1 branch of the dungeon, and saw 4 of its levels.
You also visited: Sewer.

You collected 160 gold pieces.
You spent 30 gold pieces at shops.

Inventory:

Hand Weapons
 a - a -1 falchion of flaming
 j - a +1 dagger of flaming (weapon)
   (You took it off a goblin on level 2 of the Dungeon)
Armour
 b - a +0 robe (worn)
 h - an orb of light (worn)
   (You found it on level 2 of the Dungeon)
Wands
 n - a wand of flame (20)
   (You found it on level 3 of the Dungeon)
Scrolls
 e - a scroll of noise {unknown}
 f - a scroll of magic mapping {unknown}
 g - 3 scrolls of vulnerability {unknown}
 k - 3 scrolls of identify {unknown}
 l - a scroll of teleportation {unknown}
 m - a scroll of fear {unknown}
 q - a scroll of acquirement {unknown}
 s - a scroll of fog {unknown}
 u - a scroll of enchant weapon {unknown}
Potions
 c - a potion of flight {unknown}
 d - a potion of invisibility {unknown}
 o - a potion of brilliance {unknown}
 t - a potion of might {unknown}
 v - a potion of degeneration {unknown}
 w - a potion of lignification {unknown}


   Skills:
 - Level 3.0 Fighting
 - Level 3.1 Long Blades
 * Level 5.3 Spellcasting


You had 10 spell levels left.
You knew the following spells:

 Your Spells              Type           Power      Damage    Failure   Level
a - Magic Dart            Conj           88%        1d7       1%          1
b - Scorch                Fire           44%        2d7       2%          2
w - Passwall              Tmut/Erth      18%        N/A       2%          2
Your spell library was empty.

Dungeon Overview and Level Annotations

Branches:
Dungeon (4/15)              Sewer (visited)
 Temple: D:4-7

Altars:

Shops:
D:2 !


Innate Abilities, Weirdness & Mutations

You are immune to sickness and miasma.
You are immune to poison.
Your flesh is very heat resistant. (rF++)
You are vulnerable to cold. (rC-)
You float through the air rather than walking.
You learn spells naturally, not from books.
Your magical power is your life essence.
You have superior vitality. (+4 MHP)


Message History

You take 2 damage, and have 44/46 hp.
Aim: an adder (lightly wounded, haloed, 100% to hit)
The magic dart hits the adder.
The adder closely misses you.
You take 1 damage, and have 43/46 hp.
Aim: an adder (heavily wounded, haloed, 100% to hit)
The magic dart hits the adder.
The adder bites you.
You take 5 damage, and have 38/46 hp.
Aim: an adder (almost dead, haloed, 100% to hit)
The magic dart hits the adder.
You kill the adder!
Aim: an endoplasm (haloed, 100% to hit)
You miscast Magic Dart.
You are very lightly contaminated with residual magic.
Nothing appears to happen.
The endoplasm freezes you.
You are frozen.
You feel a terrible chill!
You take 5 damage, and have 33/46 hp.
Aim: an endoplasm (haloed, 100% to hit)
The magic dart hits the endoplasm.
The endoplasm hits you.
You take 4 damage, and have 29/46 hp.
Aim: an endoplasm (heavily wounded, haloed, 100% to hit)
The magic dart hits the endoplasm.
You kill the endoplasm!
You take 1 damage, and have 28/46 hp.
You can't see any susceptible monsters within range! (Use Z to cast anyway.)
Your magical contamination has completely faded away.
There is an open door here.
A water moccasin comes into view.
The water moccasin hisses angrily.
A water moccasin comes into view.
An adder comes into view.
Health restored: 46
Okay, then.
Unknown command.
Okay, then.
Okay, then.
A rock wall.
This square is lit by a halo.
The adder hisses angrily.
You begin to meditate on the wall.
You continue meditating on the rock. x2
You finish merging with the rock.
You take 1 damage, and have 45/46 hp.
You start resting.
Health restored: 46
There is an open door here.
Okay, then.
Unknown command.
Aim: a water moccasin (48% to hit)
The puff of flame hits the water moccasin.
Flames lash the water moccasin.
The water moccasin's fire resistance burns away.
You take 1 damage, and have 45/46 hp.
Okay, then.
Aim: a water moccasin (moderately wounded, more vulnerable to fire, haloed, 100% to hit)
The magic dart hits the water moccasin but does no damage.
The water moccasin closely misses you. The water moccasin bites you.
You take 4 damage, and have 41/46 hp.
Aim: a water moccasin (lightly wounded, more vulnerable to fire, haloed, 100% to hit)
The magic dart hits the water moccasin.
The water moccasin closely misses you.
You take 1 damage, and have 40/46 hp.
Aim: a water moccasin (moderately wounded, more vulnerable to fire, haloed, 100% to hit)
The magic dart hits the water moccasin.
The water moccasin is no longer more vulnerable to fire.
The water moccasin bites you.
You take 4 damage, and have 36/46 hp.
Aim: a water moccasin (moderately wounded, haloed, 100% to hit)
The magic dart hits the water moccasin.
The water moccasin barely misses you. x2
You take 1 damage, and have 35/46 hp.
Aim: a water moccasin (moderately wounded, haloed, 100% to hit)
The magic dart hits the water moccasin.
The water moccasin bites you.
You take 4 damage, and have 31/46 hp.
Aim: a water moccasin (heavily wounded, haloed, 100% to hit)
The magic dart hits the water moccasin.
The water moccasin closely misses you.
The water moccasin bites you but does no damage.
You take 1 damage, and have 30/46 hp.
Aim: a water moccasin (heavily wounded, haloed, 100% to hit)
The magic dart hits the water moccasin.
The water moccasin barely misses you.
Aim: a water moccasin (severely wounded, haloed, 100% to hit)
The magic dart hits the water moccasin.
The water moccasin bites you!
You take 9 damage, and have 21/46 hp.
Aim: a water moccasin (severely wounded, haloed, 100% to hit)
The magic dart hits the water moccasin.
The water moccasin bites you. x2
* * * LOW HITPOINT WARNING * * *
You take 11 damage, and have 10/46 hp.
MASSIVE DAMAGE!!
Aim: a water moccasin (almost dead, haloed, 100% to hit)
The magic dart hits the water moccasin but does no damage.
* * * LOW HITPOINT WARNING * * *
The water moccasin bites you!
* * * LOW HITPOINT WARNING * * *
You take 9 damage, and have 1/46 hp.
You feel better. The water moccasin bites you.
* * * LOW HITPOINT WARNING * * *
The water moccasin closely misses you.
You regained 5 hp, and now have 6/46 hp.
It was a potion of attraction.
You feel attractive to monsters. The water moccasin closely misses you.
It was a potion of cancellation.
Your magical effects are unravelling.
You feel magically purged. The water moccasin bites you!
You die...

#.....S# ####.# #.##≈
#.....######....# #.##≈
##...S.##........# #..^.
#....S.##........### ####
####......##..........#
..........######......#######
..........# ####...'....).
....####'##########...#######
.... #SSSS@................
#####################. #####
#. #...# #. #...# #.
#############...# #.
#...........#...# #.
#.########.##...# #. #.# #<#
#.##...# #.


You could see 2 water moccasins, an adder and a ball python.

Vanquished Creatures
  A scorpion (D:4)
  An iguana (D:4)
  Natasha (thrice) (D:3)
  A hound skeleton (D:4)
  7 adders
  3 worms
  3 dart slugs
  2 orcs
  11 ball pythons
  2 bats (D:2)
  10 endoplasms
  3 giant cockroaches
  8 goblins
  2 hobgoblins (D:2)
  2 jackals (D:2)
  9 kobolds
  2 quokkas (D:1)
  13 frilled lizards
  4 rats
87 creatures vanquished.

Notes
Turn   | Place    | Note
-------+----------+-------------------------------------------
     0 | D:1      | murtidash the Djinni Cinder Acolyte began the quest for the
                  | Orb.
     0 | D:1      | Reached XP level 1. HP: 20/20 MP: 0/0
   146 | D:1      | Reached XP level 2. HP: 11/25 MP: 0/0
   480 | D:1      | Reached skill level 3 in Long Blades
   807 | D:1      | Reached XP level 3. HP: 23/30 MP: 0/0
   807 | D:1      | Learned a level 1 spell: Magic Dart
   808 | D:1      | Reached skill level 3 in Spellcasting
  1829 | D:2      | Found a faded altar of an unknown god.
  1858 | D:2      | Found Ditad's Distillery.
  1881 | D:2      | Bought a potion of curing for 30 gold pieces
  2061 | D:2      | Reached XP level 4. HP: 33/35 MP: 0/0
  2228 | D:3      | Noticed Natasha
  2236 | D:3      | HP: 1/35 [Natasha (9)]
  2238 | D:3      | Killed Natasha
  2729 | D:3      | Noticed Natasha
  2733 | D:3      | Killed Natasha
  2734 | D:3      | Reached skill level 4 in Spellcasting
  2734 | D:3      | Reached XP level 5. HP: 31/40 MP: 0/0
  2734 | D:3      | Learned a level 2 spell: Passwall
  2734 | D:3      | Noticed Natasha
  2743 | D:3      | Killed Natasha
  3871 | D:4      | Reached XP level 6. HP: 29/46 MP: 0/0
  3875 | D:4      | Reached skill level 5 in Spellcasting
  4194 | D:4      | Found a glowing drain.
  4204 | Sewer    | Entered a sewer
  5043 | D:4      | Noticed a water moccasin
  5043 | D:4      | Noticed a water moccasin
  5089 | D:4      | HP: 1/46 [water moccasin (8)]
  5092 | D:4      | Slain by a water moccasin

Illustrated notes

Levels and vault maps discovered:
D:1:      minmay_arrival_plants_in_alcoves, layout_rooms
D:2:      layout_loops_cross, shapermc_ecumenical_altar_notcrosses,
          serial_shops, shop
D:3:      layout_basic, nrook_campfire, uniq_natasha
D:4:      layout_basic, cheibrodos_sewer_entry_sluice, guppyfry_shop_venom

Skill      XL: |  1  2  3  4  5  6 |
---------------+-------------------+-----
Long Blades    | 3 |  3.1
Spellcasting   | 3 4 5 |  5.3
Fighting       | |  3.0

Action                   |  1- 3 |  4- 6 || total
-------------------------+-------+-------++-------
Melee: Falchion          |    16 |       ||    16
 Cast: Scorch            |    17 |    23 ||    40
       Magic Dart        |    51 |   115 ||   166
       Passwall          |       |     1 ||     1
Evoke: Wand              |       |     1 ||     1
  Use: Potion            |       |     4 ||     4
Armor: Robe              |     2 |     3 ||     5
Dodge: Dodged            |    16 |    20 ||    36

Table legend: (Time is in decaauts)
 A = Elapsed time spent in this place.
 B = Non-inter-level travel time spent in this place.
 C = Inter-level travel time spent in this place.
 D = Time resting spent in this place.
 E = Time spent auto-exploring this place.
 F = Levels seen in this place.
 G = Mean time per level.
                   A        B        C        D        E       F      G
               +--------+--------+--------+--------+--------+-----+--------+
         Total |   5102 |   5048 |     54 |      7 |   4537 |   5 | 1020.4 |
       Dungeon |   4686 |   4632 |     54 |      7 |   4209 |   4 | 1171.5 |
         Sewer |    415 |    415 |      0 |      0 |    328 |   1 |  415.0 |
               +--------+--------+--------+--------+--------+-----+--------+

Top non-repeatable levels by time:
     D:3: 1420 daAuts
     D:1: 1178 daAuts
     D:4: 1091 daAuts
     D:2: 996 daAuts
   Sewer: 415 daAuts

Table legend:
 A = Kills in this place as a percentage of kills in entire the game.
 B = Kills by you in this place as a percentage of kills by you in the entire game.
 C = Kills by friends in this place as a percentage of kills by friends in the entire game.
 D = Other kills in this place as a percentage of other kills in the entire game.
 E = Experience gained in this place as a percentage of experience gained in the entire game.
 F = Experience gained in this place divided by the number of levels of this place that you have seen.
                   A       B       C       D       E      F
               +-------+-------+-------+-------+-------+----------------------
         Total | 100.0 | 100.0 |   N/A |   N/A | 100.0 |  94.4
       Dungeon |  85.1 |  85.1 |   N/A |   N/A |  86.7 | 102.2
         Sewer |  14.9 |  14.9 |   N/A |   N/A |  13.3 |  63.0
               +-------+-------+-------+-------+-------+----------------------
